 Dungeon Crawl Stone Soup version 0.32-a0-938-g40ac7a0f4d (webtiles) character file.

Game seed: 1977118251920216448

185 uglyjohn the Ruffian (level 5, -9/34 HPs)
             Began as an Octopode Shapeshifter on Apr 15, 2024.
             Mangled by a gnoll
             ... wielding a +0 halberd
              (16 damage)
             ... on level 3 of the Dungeon.
             The game lasted 00:02:47 (1843 turns).

uglyjohn the Ruffian (Octopode Shapeshifter)        Turns: 1843, Time: 00:02:47

Health: -9/34      AC:  1    Str: 15    XL:     5   Next: 64%
Magic:  5/5        EV: 12    Int: 13    God:
Gold:   52         SH:  0    Dex: 11    Spells: 4/4 levels left

rFire   . .          .
                       - Unarmed
rCold   + . .        (no shield)
rNeg    . . .        (helmet currently unavailable)
rPois   .            (no amulet)
rElec   .            e - ring of protection from cold
rCorr   .            (no ring)
SInv    .            (no ring)
Will    .....        (no ring)
Stlth   ++           (no ring)
HPRegen 0.25/turn    (no ring)
MPRegen 0.09/turn    (no ring)
                     (no ring)

%: no passive effects
@: beast-form
A: beast (slay +2), almost no armour, amphibious, 8 rings, camouflage 1,
gelatinous body 1, (nimble swimmer 1), tentacles
a: Begin Untransformation


You were on level 3 of the Dungeon.
You were a hulking beast.
You visited 1 branch of the dungeon, and saw 3 of its levels.

You collected 85 gold pieces.
You spent 33 gold pieces at shops.

Inventory:

Jewellery
 e - a ring of protection from cold (left tentacle)
 h - a ring of magical power
Talismans
 b - a beast talisman (active)
 c - a flux talisman
Wands
 m - a wand of flame (31)
Scrolls
 f - 3 scrolls of fear {unknown}
 i - 4 scrolls of identify {unknown}
 k - a scroll of fog {unknown}
 l - a scroll of blinking {unknown}
Potions
 a - 2 potions of lignification
 d - 4 potions of curing
 g - a potion of might {unknown}
 j - a potion of heal wounds {unknown}


   Skills:
 + Level 2.1 Fighting
 + Level 2.8 Dodging
 * Level 4.2 Unarmed Combat
 * Level 4.2 Shapeshifting


You had 4 spell levels left.
You didn't know any spells.
Your spell library was empty.

Dungeon Overview and Level Annotations

Branches:
Dungeon (3/15)

Altars:

Shops:
D:2 !**!


Innate Abilities, Weirdness & Mutations

You are a hulking beast.
Your limbs bulge with bestial killing power. (Slay +2)
You cannot wear most types of armour.
You are amphibious.
You can wear up to eight rings at the same time.
Your skin changes colour to match your surroundings (Stealth+).
Your rubbery body absorbs attacks. (AC +1, EV +1)
((You are camouflaged when in or above water. (Stealth+)))
You have tentacles for arms and can constrict up to eight enemies at once.


Message History

A gnoll comes into view. It is wielding a +0 whip.
Found a scroll labelled IRGHUE QUMETU.
The gnoll shouts!
You hear a shout! x2
A gnoll comes into view. It is wielding a +0 flail.
The kobold throws a poisoned dart.
The poisoned dart hits you!
You are poisoned.
A gnoll comes into view. It is wielding a +0 club.
Found a stone staircase leading down.
You feel very sick.
The kobold throws a poisoned dart.
The poisoned dart closely misses you.
You feel sick.
You feel sick.
You feel sick.
You feel sick.
The kobold throws a poisoned dart.
The poisoned dart misses you.
You feel sick.
You feel sick.
You barely miss the gnoll. Your grab misses the gnoll.
Your squeeze misses the gnoll.
You feel sick.
You are no longer poisoned.
The gnoll barely misses you.
You tentacle-slap the gnoll. You grab the gnoll. You squeeze the gnoll.
The gnoll is severely wounded.
You constrict the gnoll. The gnoll hits you with a +0 whip.
You tentacle-slap the gnoll but do no damage.
You squeeze the gnoll, but do no damage.
The gnoll is almost dead.
You constrict the gnoll.
You kill the gnoll!
The gnoll shouts!
You bludgeon the kobold!
You kill the kobold!
A gnoll comes into view. It is wielding a +0 halberd.
You tentacle-slap the gnoll. You grab the gnoll.
The gnoll is moderately wounded.
You constrict the gnoll. The gnoll hits you with a +0 flail!
* * * LOW HITPOINT WARNING * * *
You bludgeon the gnoll!
You kill the gnoll!
The gnoll hits you from afar with a +0 halberd!
You die...

##.......#......
.........)>.†... #
#..............
.#.....†.......(
................ .
###....#........ ...##
#..###.#......
......######......##.....
......ggh.....##.....#..#
..$....#####.##........##
......# ...^.......#..
...?.. ...####.#.......
....> ...## ..##.<...
..... ##. .###.#..## ....
. . ....# #..g .


You could see 2 gnolls.

Vanquished Creatures
  Natasha (thrice) (D:3)
  2 gnolls (D:3)
  5 adders (D:2)
  A dart slug (D:3)
  4 endoplasms
  A giant cockroach (D:3)
  3 goblins
  4 hobgoblins
  4 jackals (D:1)
  5 kobolds
  2 quokkas (D:1)
  2 ball pythons
  3 bats
  5 frilled lizards
  3 rats (D:2)
47 creatures vanquished.

Notes
Turn   | Place    | Note
-------+----------+-------------------------------------------
     0 | D:1      | uglyjohn the Octopode Shapeshifter began the quest for the
                  | Orb.
     0 | D:1      | Reached XP level 1. HP: 13/13 MP: 1/1
   187 | D:1      | Reached XP level 2. HP: 18/18 MP: 2/2
   736 | D:2      | Reached XP level 3. HP: 23/23 MP: 3/3
   754 | D:2      | Found Syodiepn's Distillery.
   807 | D:2      | Bought a potion of curing for 33 gold pieces
   888 | D:2      | Reached XP level 4. HP: 18/28 MP: 4/4
  1315 | D:2      | Found Taodaomo's General Store.
  1541 | D:2      | Found Zehebuut's Assorted Antiques.
  1602 | D:2      | Found Heoqo's Distillery.
  1663 | D:3      | Noticed Natasha
  1670 | D:3      | Killed Natasha
  1708 | D:3      | Noticed Natasha
  1717 | D:3      | Killed Natasha
  1718 | D:3      | Reached XP level 5. HP: 7/34 MP: 5/5
  1787 | D:3      | Noticed Natasha
  1792 | D:3      | Killed Natasha
  1843 | D:3      | Mangled by a gnoll

Illustrated notes

Levels and vault maps discovered:
D:1:      minmay_arrival_four_houses, layout_basic
D:2:      layout_loops_corners, serial_shops, nicolae_shop_industrial_runoff,
          nicolae_lakefront_shop, shop, nicolae_shop_trees,
          minmay_small_reverse_x
D:3:      lemuel_castle_with_subvaults [lemuel_castle_interior_original],
          layout_rooms, mainiacjoe_overflow_surrounded_room, kennysheep_donut,
          uniq_natasha, uniq_crazy_yiuf_cottage

Skill      XL: |  1  2  3  4 |
---------------+-------------+-----
Fighting       | 2 |  2.1
Unarmed Combat | 4 |  4.2
Shapeshifting  | 4 |  4.2
Dodging        | |  2.8

Action                     |  1- 3 |  4- 6 || total
---------------------------+-------+-------++-------
  Melee: Unarmed           |    39 |    44 ||    83
         Constrict         |    11 |    11 ||    22
         Punch             |     1 |     3 ||     4
         Tentacles         |     9 |     8 ||    17
   Stab: Sleeping          |     5 |     3 ||     8
 Armour: Skin              |     9 |    18 ||    27
  Dodge: Dodged            |    23 |    22 ||    45

Table legend: (Time is in decaauts)
 A = Elapsed time spent in this place.
 B = Non-inter-level travel time spent in this place.
 C = Inter-level travel time spent in this place.
 D = Time resting spent in this place.
 E = Time spent auto-exploring this place.
 F = Levels seen in this place.
 G = Mean time per level.
                   A        B        C        D        E       F      G
               +--------+--------+--------+--------+--------+-----+--------+
         Total |   1846 |   1815 |     31 |     82 |   1430 |   3 |  615.3 |
       Dungeon |   1846 |   1815 |     31 |     82 |   1430 |   3 |  615.3 |
               +--------+--------+--------+--------+--------+-----+--------+

Top non-repeatable levels by time:
     D:2: 959 daAuts
     D:1: 697 daAuts
     D:3: 188 daAuts
